 Dungeon Crawl Stone Soup version 0.30-a0-728-gc68057b (webtiles) character file.

Game seed: 7694758086631173325

152 Remcycle the Poker (level 5, -1/35 HPs)
             Began as a Merfolk Gladiator on Jan 31, 2023.
             Slain by a river rat (3 damage)
             ... in a sewer.
             The game lasted 00:07:55 (2176 turns).

Remcycle the Poker (Merfolk Gladiator)              Turns: 2176, Time: 00:07:55

Health: -1/35      AC:  7    Str: 13 (15) XL:     5   Next: 34%
Magic:  5/5        EV: 13    Int:  5 (7)  God:
Gold:   125        SH:  0    Dex: 17 (19) Spells: 4/4 levels left

rFire   . . .      SeeInvis .    a - +0 trident
rCold   . . .      Faith    .    (no shield)
rNeg    . . .      Spirit   .    o - +0 scale mail
rPois   .          Reflect  .    c - +0 helmet
rElec   .          Harm     .    (no cloak)
rCorr   .          Rampage  .    (no gloves)
Will    .....                    (boots currently unavailable)
Stlth   +                        (no amulet)
HPRegen 0.25/turn                (no ring)
MPRegen 0.09/turn                (no ring)

@: very quick
A: nimble swimmer 2, mertail, agile 1, frail 1
a: no special abilities


You were in a sewer.
You visited 1 branch of the dungeon, and saw 3 of its levels.
You also visited: Sewer.

You collected 125 gold pieces.

Inventory:

Hand Weapons
 a - a +0 trident (weapon)
Missiles
 d - 3 throwing nets (quivered)
 e - a javelin
Armour
 c - a +0 helmet (worn)
 o - a +0 scale mail (worn)
Jewellery
 n - a ring of willpower
Wands
 w - a wand of flame (26)
Scrolls
 b - a scroll of blinking {unknown}
 g - 2 scrolls of identify {unknown}
 h - a scroll of enchant armour {unknown}
 k - a scroll of fog {unknown}
 m - a scroll of summoning {unknown}
 q - a scroll of brand weapon {unknown}
 r - a scroll of teleportation {unknown}
Potions
 f - 2 potions of brilliance


   Skills:
 - Level 2.6 Fighting
 + Level 7.0 Polearms
 - Level 2.3 Throwing
 - Level 4.4 Dodging


You had 4 spell levels left.
You didn't know any spells.
Your spell library was empty.

Dungeon Overview and Level Annotations

Branches:
Dungeon (3/15)              Sewer (1/1)

Altars:
Yredelemnul

Annotations:
D:3 3 runed translucent doors, MinotaursOnly's ghost, weakling MiGl


Innate Abilities, Weirdness & Mutations

You are very nimble when in or above water. (Stealth+, EV+, Speed+++)
Your lower body shifts to a powerful aquatic tail in water.
You are agile. (Dex +4, Str/Int -1)
You are frail. (-10% HP)


Message History

It was a potion of flight.
You feel very buoyant.
Your tail turns into legs as you fly out of the water.
The river rat bites you but does no damage.
It was a potion of resistance.
You feel protected. The river rat barely misses you.
It was a potion of degeneration.
There was something very wrong with that liquid.
You feel weakened.
You feel dopey.
You feel clumsy. The river rat misses you.
It was a potion of attraction.
You feel attractive to monsters.
The river rat bites you but does no damage.
It was a potion of cancellation.
Your magical effects are unravelling.
You feel magically purged.
You float gracefully downwards.
Your legs become a tail as you dive into the water.
Floosh!
Your resistance to elements expires.
The river rat twitches its whiskers.
The river rat barely misses you.
You feel less attractive to monsters.
It was a potion of magic.
Magic courses through your body. The river rat misses you.
It was a potion of mutation.
You feel extremely strange.
You feel frail.
You feel agile.
The river rat bites you but does no damage.
You hit the river rat but do no damage. The river rat bites you!
* * * LOW HITPOINT WARNING * * *
The river rat twitches its whiskers.
You hit the river rat but do no damage. The river rat closely misses you.
You hit the river rat but do no damage. You hit the river rat but do no damage.
The river rat bites you but does no damage.
You barely miss the river rat.
Your tail-slap misses the river rat.
The river rat closely misses you.
You puncture the river rat!
The river rat is heavily wounded.
The river rat bites you.
You die...

##.~~.##
##~~..##
#~~~~~~#
#††~~~~#
#≈~~~~≈#
#†~~~≈≈#
#≈~~~~≈#
#≈r~~~≈#
#≈≈~~~≈#
#≈≈r~~≈#
#≈≈~~~≈#
#≈≈rr≈~#
#≈~#~~≈#
#≈≈r#~~#
#≈~~≈~≈#
#r≈≈~~~#
#≈.~~≈≈#
#@≈≈~~~#
#≈~~≈~≈#
#≈≈≈#~.#
#≈~≈~.≈#
#≈≈≈~~~#
#≈≈~~~≈#
#≈≈≈~~~#
#≈≈~~~≈#
#≈≈~≈~~#
#≈≈~~~≈#
#≈≈~~≈~#
#≈≈~~~≈#
#≈~~~~≈#
#~~~~÷~#
#≈~~~≈≈#
##~.÷÷##
#..~~.##


You could see a river rat and 5 rats.

Vanquished Creatures
  A hound zombie (D:3)
  A gnoll (D:1)
  2 adders (Sewer)
  3 river rats (Sewer)
  2 worms (D:3)
  4 dart slugs
  An orc (D:3)
  6 bats
  4 endoplasms
  2 giant cockroaches (D:3)
  6 goblins
  4 hobgoblins
  9 quokkas
  10 ball pythons
  A ball python zombie (D:3)
  A frilled lizard (D:3)
  12 rats
69 creatures vanquished.

Notes
Turn   | Place    | Note
-------+----------+-------------------------------------------
     0 | D:1      | Remcycle the Merfolk Gladiator began the quest for the Orb.
     0 | D:1      | Reached XP level 1. HP: 16/16 MP: 1/1
   123 | D:1      | Reached XP level 2. HP: 20/23 MP: 2/2
   558 | D:1      | Reached XP level 3. HP: 28/28 MP: 3/3
   959 | D:2      | Reached skill level 5 in Polearms
  1488 | D:3      | Reached XP level 4. HP: 34/34 MP: 4/4
  1520 | D:3      | Found a runed translucent gate.
  1520 | D:3      | Found a runed translucent gate.
  1520 | D:3      | Found a runed translucent gate.
  1520 | D:3      | Noticed MinotaursOnly's ghost (weakling MiGl)
  1522 | D:3      | Found a basalt altar of Yredelemnul.
  1670 | D:3      | Reached skill level 6 in Polearms
  1754 | D:3      | Found a glowing drain.
  1761 | Sewer    | Entered a sewer
  1801 | Sewer    | Reached XP level 5. HP: 16/39 MP: 5/5
  2143 | Sewer    | Reached skill level 7 in Polearms
  2168 | Sewer    | Gained mutation: You are frail. (-10% HP) [potion of
                  | mutation]
  2168 | Sewer    | Gained mutation: You are agile. (Dex +4, Str/Int -1)
                  | [potion of mutation]
  2169 | Sewer    | HP: 1/35 [river rat (8)]
  2176 | Sewer    | Slain by a river rat

Illustrated notes

Levels and vault maps discovered:
D:1:      lightli_arrival_lavapool, layout_rooms, nicolae_figureground_sparkle
D:2:      layout_loops_corners
D:3:      layout_rooms, nicolae_yredelemnul_ghost_church,
          gup_sewer_entry_spiral, kennysheep_generic_room_14
Sewer:    sewer_minmay_w

Skill      XL: |  1  2  3  4  5 |
---------------+----------------+-----
Polearms       | 5 6 7 |  7.0
Fighting       | |  2.6
Throwing       | |  2.3
Dodging        | |  4.4

Action                     |  1- 3 |  4- 6 || total
---------------------------+-------+-------++-------
  Melee: Trident           |   109 |   116 ||   225
         Tailslap          |       |     5 ||     5
    Use: Potion            |       |     9 ||     9
   Stab: Sleeping          |     1 |     1 ||     2
 Armour: Leather armour    |     7 |       ||     7
         Scale mail        |    48 |    38 ||    86
  Dodge: Dodged            |    78 |   109 ||   187

Table legend: (Time is in decaauts)
 A = Elapsed time spent in this place.
 B = Non-inter-level travel time spent in this place.
 C = Inter-level travel time spent in this place.
 D = Time resting spent in this place.
 E = Time spent auto-exploring this place.
 F = Levels seen in this place.
 G = Mean time per level.
                   A        B        C        D        E       F      G
               +--------+--------+--------+--------+--------+-----+--------+
         Total |   2149 |   2039 |    110 |    233 |   1170 |   4 |  537.2 |
       Dungeon |   1755 |   1645 |    110 |      0 |   1110 |   3 |  585.0 |
         Sewer |    393 |    393 |      0 |    233 |     60 |   1 |  393.0 |
               +--------+--------+--------+--------+--------+-----+--------+

Top non-repeatable levels by time:
     D:2: 838 daAuts
     D:1: 576 daAuts
   Sewer: 393 daAuts
     D:3: 341 daAuts
